AoeStats
← fat_dgk

Lombardia

507751908Analyzed
4v4 RM · 13d ago on Sep 19, 2026· 41m 23s· 8 players
Game mode
Random Map
Map size
Large (8 player)
Population
200
Speed
Normal
Resources
Standard
Victory
Conquest
Starting age
Dark Age
Ending age
Imperial Age
RankedLock teamsTeams togetherTeam positionsShared explorationLock speedFull tech treeHidden civsTurbo modeCheats
Victory
Defeat
🇮🇱 Magyars · Israel
1294
+14
🇩🇪 Persians · Germany
1262
+15
🇲🇦 Wu · Morocco
1229
+16
🇵🇪 Khmer · Peru
1213
+17
🇦🇷 Mongols · Argentina
1266
-17
🇨🇱 Berbers · Chile
1254
-16
🇦🇷 Persians · Argentina
1228
-15
🇨🇱 Mapuche · Chile
1199
-14
touch grass
11:03 Feudal Age
16:47 Castle Age
15:15 Double-Bit Axe
15:11 Horse Collar
19:08 Bow Saw
20:10 Wheelbarrow
26:22 Hand Cart
27:13 Heavy Plow
29:38 Scale Mail Armor
29:49 Forging
32:50 Imperial Age
31:36 Chain Mail Armor
31:52 Squires
33:58 Iron Casting
34:25 Plate Mail Armor
34:59 Two-Man Saw
34:25 Pikeman
34:51 Arson
36:02 Conscription
35:44 Sitting Tiger
37:08 Chemistry
36:14 Gold Mining
36:17 Stone Mining
37:50 Guilds
37:11 Halberdier
38:47 Gold Shaft Mining
42:25 Blast Furnace
shalevwood
10:54 Feudal Age
11:40 Double-Bit Axe
12:45 Horse Collar
13:36 Scale Barding Armor
15:55 Bloodlines
19:50 Wheelbarrow
19:25 Gold Mining
22:27 Castle Age
21:55 Fletching
24:49 Bow Saw
25:17 Gold Shaft Mining
27:01 Hand Cart
28:22 Chain Barding Armor
27:58 Bodkin Arrow
29:22 Ballistics
29:42 Heavy Plow
38:31 Imperial Age
35:49 Town Watch
36:04 Light Cavalry
36:46 Husbandry
39:47 Conscription
40:03 Bracer
40:40 Plate Barding Armor
41:09 Chemistry
40:51 Hussar
41:44 Recurve Bow
ozzyhapdo
5:42 Loom
8:10 Feudal Age
8:37 Double-Bit Axe
10:31 Horse Collar
11:15 Town Watch
12:17 Forging
17:30 Gold Mining
18:20 Bloodlines
18:27 Scale Barding Armor
21:15 Castle Age
19:22 Stone Mining
23:04 Wheelbarrow
21:53 Light Cavalry
23:06 Husbandry
23:19 Bow Saw
25:50 Chain Barding Armor
29:08 Tusk Swords
29:58 Fervor
30:00 Heavy Plow
31:24 Fletching
32:11 Iron Casting
38:18 Hand Cart
39:32 Gold Shaft Mining
40:50 Stone Shaft Mining
42:53 Imperial Age
41:10 Town Patrol
Tsunade
6:13 Loom
8:43 Feudal Age
9:24 Double-Bit Axe
9:21 Horse Collar
18:08 Castle Age
16:39 Scale Barding Armor
17:23 Forging
17:56 Bloodlines
18:57 Bow Saw
23:31 Wheelbarrow
24:13 Heavy Plow
26:00 Gold Mining
27:20 Hand Cart
26:52 Town Watch
30:30 Imperial Age
28:27 Husbandry
28:49 Chain Barding Armor
29:56 Gold Shaft Mining
28:57 Light Cavalry
30:11 Cavalier
31:27 Plate Barding Armor
33:03 Iron Casting
32:09 Savar
34:45 Two-Man Saw
34:23 Town Patrol
33:48 Hussar
35:54 Blast Furnace
35:48 Stone Mining
36:47 Coinage
38:27 Guilds
fat_dgk
6:19 Loom
9:27 Feudal Age
22:23 Castle Age
20:28 Double-Bit Axe
20:26 Horse Collar
21:26 Fletching
23:09 Wheelbarrow
24:17 Fortified Wall
28:18 Bow Saw
31:00 Hand Cart
34:57 Imperial Age
33:20 Bloodlines
34:00 Husbandry
34:50 Bodkin Arrow
35:52 Bracer
35:53 Padded Archer Armor
36:39 Ballistics
37:20 Chemistry
36:50 Kasbah
36:52 Elite Camel Archer
38:01 Thumb Ring
39:12 Light Cavalry
41:19 Leather Archer Armor
Thanos_Car
8:08 Loom
10:13 Feudal Age
15:18 Castle Age
13:54 Double-Bit Axe
14:52 Horse Collar
16:31 Bow Saw
19:12 Heavy Plow
23:22 Town Watch
25:26 Fletching
25:37 Padded Archer Armor
26:39 Wheelbarrow
27:34 Gold Mining
29:50 Hand Cart
32:44 Bodkin Arrow
33:05 Leather Archer Armor
36:32 Imperial Age
35:16 Scale Mail Armor
35:27 Forging
34:40 Pikeman
38:41 Halberdier
40:02 Crop Rotation
40:13 Ring Archer Armor
39:54 Elite Skirmisher
MatRm10
9:50 Feudal Age
10:52 Loom
11:35 Double-Bit Axe
14:29 Castle Age
20:53 Town Watch
24:26 Horse Collar
26:02 Wheelbarrow
26:04 Bow Saw
26:37 Fervor
26:34 Gold Mining
26:35 Stone Mining
26:46 Heavy Plow
27:30 Bloodlines
27:23 Husbandry
31:35 Imperial Age
29:06 Fletching
30:25 Gold Shaft Mining
30:26 Stone Shaft Mining
31:07 Ballistics
31:09 Kamandaran
31:24 Scale Barding Armor
32:04 Forging
31:19 Cavalier
32:39 Hand Cart
33:07 Scale Barding Armor
32:42 Cavalier
35:11 Two-Man Saw
34:34 Conscription
34:45 Crop Rotation
35:07 Chain Barding Armor
35:24 Iron Casting
35:25 Bodkin Arrow
36:51 Plate Barding Armor
37:18 Blast Furnace
36:41 Citadels
38:52 Hoardings
39:18 Savar
+m<ssi
8:41 Loom
10:26 Feudal Age
12:13 Double-Bit Axe
14:52 Castle Age
13:54 Horse Collar
14:10 Gold Mining
16:23 Bow Saw
25:04 Wheelbarrow
26:25 Bloodlines
28:06 Hand Cart
31:48 Imperial Age
29:15 Town Watch
30:12 Town Patrol
30:29 Heavy Plow
30:21 Stone Mining
30:34 Fletching
30:44 Padded Archer Armor
31:52 Thumb Ring
32:33 Ballistics
34:19 Chemistry
33:15 Bodkin Arrow
33:35 Leather Archer Armor
34:39 Husbandry
36:57 Heavy Camel Rider
38:41 Scale Barding Armor
38:46 Forging
Connection lost

Rejoining the realm…

Still unreachable

The connection could not be restored.

Session expired

The server has moved on; the page needs a fresh start.